 Dungeon Crawl Stone Soup version 0.30-a0-51-g784eafce7f (webtiles) character file.

Game seed: 253211488176919063

995 LnG the Cleaver (level 8, -4/70 HPs)
             Began as a Hill Orc Fighter on Sept 5, 2022.
             Engulfed by a steam dragon's steam (6 damage)
             ... on level 6 of the Dungeon.
             The game lasted 00:10:43 (4736 turns).

LnG the Cleaver (Hill Orc Fighter)                  Turns: 4736, Time: 00:10:43

Health: -4/70      AC:  9    Str: 21    XL:     8   Next: 19%
Magic:  8/8        EV: 14    Int:  8    God:
Gold:   305        SH:  4    Dex: 10    Spells: 7/7 levels left

rFire   . . .      SeeInvis .    s - +1 broad axe
rCold   + . .      Faith    .    c - +0 buckler
rNeg    + . .      Spirit   .    v - +1 ring mail {rC+}
rPois   .          Reflect  .    m - +0 helmet
rElec   .          Harm     .    (no cloak)
rCorr   .          Rampage  .    y - +0 pair of gloves
Will    .....                    (no boots)
Stlth   +.........               (no amulet)
HPRegen 0.21/turn                k - +4 ring of evasion
MPRegen 0.11/turn                u - ring of positive energy

@: no status effects
A: no striking features
a: no special abilities


You were on level 6 of the Dungeon.
You visited 2 branches of the dungeon, and saw 7 of its levels.

You collected 305 gold pieces.

Inventory:

Hand Weapons
 a - a +0 war axe
 s - a +1 broad axe (weapon)
Missiles
 r - 6 boomerangs (quivered)
Armour
 b - a +0 scale mail
 c - a +0 buckler (worn)
 m - a +0 helmet (worn)
 v - a +1 ring mail of cold resistance (worn)
 y - a +0 pair of gloves (worn)
Jewellery
 k - a +4 ring of evasion (left hand)
 u - a ring of positive energy (right hand)
 w - a ring of ice
Scrolls
 e - 2 scrolls of immolation
 j - 2 scrolls of teleportation
 l - a scroll of poison
 n - a scroll of enchant armour
 o - a scroll of butterflies
 A - a scroll of brand weapon {unknown}
Potions
 d - 3 potions of might
 g - 5 potions of curing {unknown}
 h - a potion of magic {unknown}
 i - 3 potions of degeneration {unknown}
 p - 2 potions of brilliance {unknown}
 t - a potion of lignification {unknown}
 x - a potion of heal wounds {unknown}
 z - a potion of experience {unknown}


   Skills:
 + Level 6.1 Fighting
 + Level 9.1 Axes
 + Level 5.2 Armour
 + Level 1.2 Dodging
 + Level 0.7 Stealth
 + Level 4.0 Shields


You had 7 spell levels left.
You didn't know any spells.
Your spell library contained the following spells:

 Spells                   Type           Power      Damage    Failure   Level
 Dazzling Flash           Conj/Hex       0%         N/A       95%         3
 Iskenderun's Mystic Bla  Conj/Tloc      0%         2d3       100%        4
 Starburst                Conj/Fire      0%         6d3       100%        6


Dungeon Overview and Level Annotations

Branches:
Dungeon (6/15)             Temple (1/1) D:6

Altars:
Ashenzari
Cheibriados
Dithmenos
Elyvilon
Fedhas
Hepliaklqana
Kikubaaqudgha
Nemelex Xobeh
Okawaru
Vehumet
Wu Jian
Xom
Zin
The Shining One


Message History

You hit the steam dragon.
The steam dragon is severely wounded.
The steam dragon bites you but does no damage.
The steam dragon completely misses you.
You closely miss the steam dragon.
The steam dragon is severely wounded.
The steam dragon breathes steam at you. The ball of steam misses you.
You block the steam dragon's attack. The steam dragon closely misses you.
Unknown command.
You hit the steam dragon.
The steam dragon is almost dead.
The steam dragon breathes steam at you. The ball of steam hits you!
* * * LOW HITPOINT WARNING * * *
You hit the steam dragon but do no damage.
The steam dragon is almost dead.
You are engulfed in a cloud of scalding steam.
The steam dragon bites you but does no damage.
The steam dragon barely misses you.
You hit the steam dragon but do no damage.
The steam dragon is almost dead.
The steam dragon bites you.
* * * LOW HITPOINT WARNING * * *
You block the steam dragon's attack.
Unknown command.
You hit the steam dragon.
The steam dragon is almost dead.
The steam dragon bites you.
* * * LOW HITPOINT WARNING * * *
You block the steam dragon's attack.
You barely miss the steam dragon.
The steam dragon is almost dead.
The steam dragon breathes steam at you. The ball of steam hits you!
* * * LOW HITPOINT WARNING * * *
You hit the steam dragon but do no damage.
The steam dragon is almost dead.
You are engulfed in a cloud of scalding steam.
You die...

#..≈≈≈§≈≈≈. #..≈≈§≈§≈§.......
#..≈≈..... ...... #..≈≈....
..... . ##..≈≈..♣♣♣♣.... ..
#...≈≈..♣.....# ... ##
#...≈≈..♣._..##.#. #.. .#
#.......♣§§....... # .###
#.......§§@D..# # ...#
#.#.##.§.##.#.# ##.##
#............. .
#..###.####...#)..... ........
##.#...####......#.### ........
#†.......###....... .. ........
#.######......#.#..##.###......
#.# #....#..........#.....
#..### #. .[.....#...


You could see a steam dragon (catching breath).

Vanquished Creatures
  Grinder (D:4)
  2 black bears (D:6)
  A sky beast (D:6)
  A necrophage (D:4)
  A scorpion (D:5)
  A crimson imp (D:3)
  3 orc priests
  A jelly (D:4)
  2 hounds
  An iguana (D:6)
  An orc wizard (D:4)
  4 adders
  A shadow imp (D:5)
  A white imp (D:6)
  A worm (D:3)
  2 dart slugs
  16 orcs
  7 ball pythons
  2 endoplasms
  3 giant cockroaches
  8 hobgoblins
  7 jackals
  7 quokkas
  3 bats
  4 frilled lizards
  3 goblins
  2 goblin skeletons (D:3)
  8 kobolds
  A kobold skeleton (D:3)
  A kobold zombie (D:3)
  2 orc skeletons (D:3)
  2 orc zombies (D:3)
  5 rats
105 creatures vanquished.

Vanquished Creatures (others)
  A plant (D:1)
1 creature vanquished.

Grand Total: 106 creatures vanquished

Notes
Turn   | Place    | Note
-------+----------+-------------------------------------------
     0 | D:1      | LnG the Hill Orc Fighter began the quest for the Orb.
     0 | D:1      | Reached XP level 1. HP: 19/19 MP: 1/1
    45 | D:1      | Reached XP level 2. HP: 17/27 MP: 2/2
   394 | D:1      | Reached skill level 3 in Axes
   656 | D:1      | Reached XP level 3. HP: 33/33 MP: 3/3
   890 | D:1      | You fall into a shaft and drop 1 floor!
  1143 | D:2      | Reached skill level 4 in Axes
  1313 | D:2      | Reached XP level 4. HP: 40/40 MP: 4/4
  1331 | D:2      | Found a faded altar of an unknown god.
  1667 | D:3      | Found a hazy altar of Hepliaklqana.
  1703 | D:3      | Found a glowing golden altar of the Shining One.
  1734 | D:3      | Reached skill level 5 in Axes
  1734 | D:3      | Reached XP level 5. HP: 46/46 MP: 5/5
  2422 | D:4      | Found a white marble altar of Elyvilon.
  2702 | D:4      | Noticed Grinder
  2710 | D:4      | Reached skill level 6 in Axes
  2717 | D:4      | Paralysed by Grinder for 3 turns
  2727 | D:4      | Paralysed by Grinder for 3 turns
  2730 | D:4      | Killed Grinder
  2731 | D:4      | Reached skill level 7 in Axes
  2731 | D:4      | Reached XP level 6. HP: 32/55 MP: 6/6
  2882 | D:4      | Reached skill level 1 in Dodging
  2978 | D:4      | Reached skill level 5 in Fighting
  2978 | D:4      | Reached XP level 7. HP: 58/61 MP: 7/7
  3476 | D:5      | Entered Level 5 of the Dungeon
  3622 | D:5      | Reached skill level 8 in Axes
  3789 | D:5      | Found a sparkling altar of Nemelex Xobeh.
  4245 | D:6      | Found a staircase to the Ecumenical Temple.
  4252 | Temple   | Entered the Ecumenical Temple
  4517 | D:6      | Found an ornate altar of the Wu Jian Council.
  4664 | D:6      | Reached skill level 5 in Armour
  4664 | D:6      | Reached XP level 8. HP: 62/70 MP: 8/8
  4716 | D:6      | Found a broken altar of Ashenzari.
  4723 | D:6      | Reached skill level 9 in Axes
  4735 | D:6      | HP: 2/70 [steam dragon/ball of steam (12)]
  4736 | D:6      | Engulfed by a steam dragon's steam

Illustrated notes

Levels and vault maps discovered:
D:1:      kennysheep_arrival_seaside, layout_loops_ring, serial_bayou_pond_d
D:2:      layout_loops_ring, chequers_ecumenical_altar_twisty
D:3:      layout_basic, nicolae_tso_besieged_by_evil,
          mainiacjoe_overflow_24_doors
D:4:      layout_gridville, lemuel_doored_altar, kennysheep_generic_room_9,
          uniq_grinder
D:5:      layout_cave_pools, nemelex_spade_bored_becter
D:6:      layout_rooms, mainiacjoe_overflow_chevrons,
          nicolae_wu_jian_wuxing_cycle, minmay_temple_entry_slanted
Temple:   nicolae_temple_bog_church

Skill      XL: |  1  2  3  4  5  6  7  8 |
---------------+-------------------------+-----
Axes           | 3 4 5 7 8 9 |  9.1
Fighting       | 4 5 6 |  6.1
Armour         | 4 5 |  5.2
Dodging        | 1 |  1.2
Shields        | 4 |  4.0
Stealth        | |  0.7

Action                   |  1- 3 |  4- 6 |  7- 9 || total
-------------------------+-------+-------+-------++-------
Melee: War axe           |   113 |   119 |    10 ||   242
       Broad axe         |       |     4 |    93 ||    97
  Use: Scroll            |       |       |     7 ||     7
Armor: Scale mail        |    64 |    37 |    33 ||   134
       Ring mail         |       |       |    17 ||    17
Dodge: Dodged            |    65 |    76 |    71 ||   212
Block: Buckler           |    17 |    22 |    31 ||    70

Table legend: (Time is in decaauts)
 A = Elapsed time spent in this place.
 B = Non-inter-level travel time spent in this place.
 C = Inter-level travel time spent in this place.
 D = Time resting spent in this place.
 E = Time spent auto-exploring this place.
 F = Levels seen in this place.
 G = Mean time per level.
                   A        B        C        D        E       F      G
               +--------+--------+--------+--------+--------+-----+--------+
         Total |   4839 |   4525 |    314 |    982 |   2557 |   7 |  691.3 |
       Dungeon |   4677 |   4388 |    289 |    982 |   2426 |   6 |  779.5 |
        Temple |    162 |    138 |     24 |      0 |    130 |   1 |  162.0 |
               +--------+--------+--------+--------+--------+-----+--------+

Top non-repeatable levels by time:
     D:4: 1101 daAuts
     D:1: 915 daAuts
     D:3: 780 daAuts
     D:2: 763 daAuts
     D:5: 727 daAuts
     D:6: 388 daAuts
  Temple: 162 daAuts
